 Dungeon Crawl Stone Soup version 0.32-a0-422-g28b100f618 (webtiles) character file.

Game seed: 13341918040857949059

56 GempalmIncinerator the Slasher (level 3, -1/28 HPs)
             Began as a Coglin Gladiator on Feb 21, 2024.
             Slain by a hobgoblin (4 damage)
             ... led by Robin
             ... on level 2 of the Dungeon.
             The game lasted 00:02:18 (812 turns).

GempalmIncinerator the Slasher (Coglin Gladiator)    Turns: 812, Time: 00:02:19

Health: -1/28      AC:  7    Str: 14    XL:     3   Next: 97%
Magic:  3/3        EV: 13    Int:  7    God:
Gold:   27         SH:  0    Dex: 17    Spells: 2/2 levels left

rFire   + . .        f - +0 dagger {Alejandra}
rCold   . . .        a - +0 long sword {Numeria}
rNeg    . . .        l - +2 leather armour {rF+}
rPois   .            c - +0 helmet
rElec   .            (no cloak)
rCorr   .            (no gloves)
SInv    +            j - +0 pair of boots
Will    .....        (no amulet)
Stlth   +            k - ring of see invisible
HPRegen 0.24/turn    (no ring)
MPRegen 0.08/turn

%: no passive effects
@: lethally poisoned (-1 -> -2), immotile, revved
A: off-hand wielding, slow wielding, warmup strikes, legs shutdown
a: no special abilities


You were on level 2 of the Dungeon.
You visited 1 branch of the dungeon, and saw 2 of its levels.

You collected 27 gold pieces.

Inventory:

Hand Weapons
 a - a +0 long sword (offhand) {Numeria}
 f - a +0 dagger (weapon) {Alejandra}
Missiles
 d - 3 throwing nets (quivered)
 e - a javelin
Armour
 b - a +0 leather armour
 c - a +0 helmet (worn)
 j - a +0 pair of boots (worn)
 l - a +2 leather armour of fire resistance (worn)
Jewellery
 k - a ring of see invisible (left grasper)
Scrolls
 g - 2 scrolls of identify {unknown}
 h - 3 scrolls of teleportation {unknown}
 i - a scroll of enchant armour {unknown}
 m - a scroll of noise {unknown}


   Skills:
 + Level 2.6 Fighting
 + Level 3.5 Long Blades
 + Level 2.3 Throwing
 + Level 3.1 Dodging


You had 2 spell levels left.
You didn't know any spells.
Your spell library was empty.

Dungeon Overview and Level Annotations

Branches:
Dungeon (2/15)

Altars:


Innate Abilities, Weirdness & Mutations

You can wield a second weapon in your off-hand.
It takes a long time for you to wield or remove held weapons.
Your first few attacks do less damage.
Attacking and casting redirects power from your legs.


Message History

Robin hits you with a +4 whip of venom.
You are more poisoned.
A hobgoblin comes into view.
The hobgoblin shouts!
You hit Robin with your +0 dagger.
Robin is almost dead.
You slash Robin with your +0 long sword!
You kill Robin!
You feel very sick.
You hear a shout!
The goblin closely misses you. The goblin barely misses you.
The goblin hits you but does no damage.
You hit the goblin with your +0 long sword.
You kill the goblin!
You feel sick. The goblin barely misses you. The goblin closely misses you.
You slash the goblin with your +0 long sword!
You kill the goblin!
You feel sick. The goblin barely misses you.
A goblin comes into view. It is wielding a +0 club.
The hobgoblin hits you.
* * * LOW HITPOINT WARNING * * *
Unknown command.
You barely miss the hobgoblin with your +0 long sword.
You hit the hobgoblin with your +0 dagger.
You feel sick. The goblin hits you but does no damage.
A goblin comes into view. It is wielding a +0 dagger.
The hobgoblin hits you but does no damage.
You aren't carrying any potions.
Unknown command.
You slash the goblin with your +0 long sword!
You kill the goblin!
You feel sick. The hobgoblin closely misses you.
Unknown command.
You barely miss the hobgoblin with your +0 long sword.
The hobgoblin is moderately wounded.
You hit the hobgoblin with your +0 dagger.
You feel sick.
The hobgoblin hits you but does no damage.
The hobgoblin hits you.
You die...

#.........
#.######.### #.#
#... #
#.#####..##.#
##.......?....
###....)........
...........##.#
####.#####.)#.#..#
..#....)@g......
###.#####)##.##.#
.g# # ##.# #g# #..
#.# #.#


You could see a hobgoblin (strong) and 2 goblins.

Vanquished Creatures
  Robin (D:2)
  A dart slug (D:2)
  An orc (D:2)
  2 bats
  3 endoplasms (D:1)
  7 goblins (D:2)
  A hobgoblin (D:1)
  3 kobolds (D:2)
  2 quokkas (D:1)
  2 frilled lizards (D:1)
23 creatures vanquished.

Notes
Turn   | Place    | Note
-------+----------+-------------------------------------------
     0 | D:1      | GempalmIncinerator the Coglin Gladiator began the quest for
                  | the Orb.
     0 | D:1      | Reached XP level 1. HP: 16/16 MP: 1/1
   124 | D:1      | Reached XP level 2. HP: 22/22 MP: 2/2
   738 | D:2      | Reached XP level 3. HP: 27/28 MP: 3/3
   797 | D:2      | Noticed Robin
   807 | D:2      | Killed Robin
   812 | D:2      | Slain by a hobgoblin

Illustrated notes

Levels and vault maps discovered:
D:1:      matt_arrival_diagonals, layout_rooms, st_stairs_7,
          chequers_serial_rivers_room_a, minmay_misc_feat_nine_boxes
D:2:      layout_loops_ring, basic_altar, uniq_robin

Skill      XL: |  1  2 |
---------------+-------+-----
Throwing       | 2 |  2.3
Dodging        | 3 |  3.1
Fighting       | |  2.6
Long Blades    | |  3.5

Action                     || total
---------------------------++-------
  Melee: Long sword        ||    58
         Dagger            ||    47
   Stab: Sleeping          ||     1
 Armour: Leather armour    ||    33
  Dodge: Dodged            ||    49

Table legend: (Time is in decaauts)
 A = Elapsed time spent in this place.
 B = Non-inter-level travel time spent in this place.
 C = Inter-level travel time spent in this place.
 D = Time resting spent in this place.
 E = Time spent auto-exploring this place.
 F = Levels seen in this place.
 G = Mean time per level.
                   A        B        C        D        E       F      G
               +--------+--------+--------+--------+--------+-----+--------+
         Total |    814 |    777 |     37 |     30 |    562 |   2 |  407.0 |
       Dungeon |    814 |    777 |     37 |     30 |    562 |   2 |  407.0 |
               +--------+--------+--------+--------+--------+-----+--------+

Top non-repeatable levels by time:
     D:1: 550 daAuts
     D:2: 263 daAuts
